 Dungeon Crawl Stone Soup version 0.27.1-37-g7b29ead8ac (console) character file.

Game seed: 7027676059538268998

10896 grimtooth the Cleaver (level 11, -12/95 HPs)
             Began as a Palentonga Abyssal Knight on May 15, 2023.
             Was a High Priest of Lugonu.
             Mangled by a cane toad (19 damage)
             ... on level 1 of the Lair of Beasts.
             The game lasted 00:50:03 (10750 turns).

grimtooth the Cleaver (Palentonga Abyssal Knight)  Turns: 10750, Time: 00:50:04

Health: -12/95     AC: 14    Str: 25    XL:     11   Next: 42%
Magic:  16/17      EV:  9    Int: 13    God:    Lugonu [*****.]
Gold:   269        SH:  0    Dex:  9    Spells: 10/10 levels left

rFire    . . .     SeeInvis +   a - +2 hand axe (vorpal)
rCold    . . .     Faith    +   (no shield)
rNeg     . . .     Spirit   .   A - +1 troll leather armour {Purgy}
rPois    +         Reflect  .   (no helmet)
rElec    .         Harm     .   (no cloak)
rCorr    .         Rampage  .   (no gloves)
Will     .....                  (no barding)
Stlth    +.........             j - amulet of faith
HPRegen  1.25/turn              L - +6 ring of strength
MPRegen  0.15/turn              c - ring of poison resistance

@: curled up
A: large, rugged brown scales 3, see invisible, deformed body, roll 1, armoured
tail, reflexive curl
a: Rolling Charge, Renounce Religion, Depart the Abyss, Bend Space, Banish,
Corrupt, Enter the Abyss


You were on level 1 of the Lair of Beasts.
You worshipped Lugonu.
Lugonu was extremely pleased with you.
You visited 2 branches of the dungeon, and saw 10 of its levels.
You visited the Abyss 1 time.
You also visited: Ossuary.

You collected 389 gold pieces.
You spent 120 gold pieces at shops.

Inventory:

Hand Weapons
 a - a +2 vorpal hand axe (weapon)
 Q - a +4 hand axe
Missiles
 e - 57 stones
 n - 96 poisoned darts (quivered)
 r - 15 sling bullets
Armour
 x - a +0 buckler
 A - a +1 troll leather armour (worn) {Purgy}
Jewellery
 c - a ring of poison resistance (right hand)
 d - a ring of resist corrosion
 h - a ring of magical power
 j - an amulet of faith (around neck)
 w - a ring of positive energy
 K - a ring of willpower
 L - a +6 ring of strength (left hand)
 S - a ring of protection from cold
Wands
 f - a wand of flame (38)
 q - a wand of mindburst (18)
 s - a wand of polymorph (8)
 v - a wand of charming (20)
 y - a wand of digging (6)
 F - a wand of acid (6)
Scrolls
 b - a scroll of holy word {unknown}
 g - 3 scrolls of teleportation
 i - a scroll of summoning
 m - a scroll of fear {unknown}
 o - a scroll of noise {unknown}
 t - 2 scrolls of amnesia {unknown}
 E - a scroll of brand weapon {unknown}
 G - 2 scrolls of vulnerability {unknown}
 I - a scroll of torment {unknown}
 J - 3 scrolls of magic mapping {unknown}
 N - 2 scrolls of acquirement {unknown}
 O - a scroll of blinking {unknown}
Potions
 k - 7 potions of might
 l - a potion of degeneration {unknown}
 p - a potion of curing
 u - a potion of brilliance
 B - a potion of mutation {unknown}
 C - 2 potions of berserk rage
 D - 2 potions of flight
 M - 2 potions of lignification
 P - 3 potions of cancellation
 T - a potion of invisibility {unknown}


   Skills:
 - Level 9.0 Fighting
 * Level 10.6(11.1) Axes
 + Level 5.1(8.6) Maces & Flails
 + Level 6.7 Armour
 - Level 0.7 Dodging
 - Level 9.0 Invocations


You had 10 spell levels left.
You didn't know any spells.
Your spell library contained the following spells:

 Spells                   Type           Power      Damage    Failure   Level
 Magic Dart               Conj           0%         1d3       34%         1
 Shock                    Conj/Air       0%         1d3       34%         1
 Searing Ray              Conj           0%         3d3       45%         2
 Swiftness                Air            0%         N/A       71%         3
 Airstrike                Air            0%         N/A       98%         4
 Cause Fear               Hex            0%         N/A       98%         4
 Fulminant Prism          Conj/Hex       0%         3d6       98%         4
 Freezing Cloud           Conj/Ice/Air   0%         6-21      100%        5
 Summon Forest            Summ/Tloc      0%         N/A       100%        5
 Eringya's Noxious Bog    Tmut/Pois      0%         N/A       100%        6
 Simulacrum               Ice/Necr       0%         N/A       100%        6
 Dragon Form              Tmut           0%         N/A       100%        7
 Summon Hydra             Summ           0%         N/A       100%        7
 Dragon's Call            Summ           0%         N/A       100%        9
 Polar Vortex             Ice            0%         N/A       100%        9


Dungeon Overview and Level Annotations

Branches:
Dungeon (9/15)             Temple (0/1) D:6            Lair (1/6) D:8
    Orc (0/2) D:9         Ossuary (visited)

Altars:
Nemelex Xobeh

Shops:
D:7 *?   D:9 [


Innate Abilities, Weirdness & Mutations

You are completely covered in rugged brown scales. (AC +3, +7% HP)
You have supernaturally acute eyesight. (SInv)
Armour fits poorly on your strangely shaped body.
You can roll at nearby foes to attack.
You have a long armoured tail.
You curl defensively after being hit.


Message History

The cane toad is heavily wounded.
You feel sick.
The cane toad stings you but does no damage.
You hit the cane toad but do no damage.
The cane toad is heavily wounded.
You feel sick. The cane toad stings you!!
* * * LOW HITPOINT WARNING * * *
You are more poisoned.
The cane toad poisons you!
You closely miss the cane toad.
The cane toad is heavily wounded.
You feel very sick. The cane toad stings you!
* * * LOW HITPOINT WARNING * * *
You feel better. The cane toad stings you!!
* * * LOW HITPOINT WARNING * * *
The cane toad closely misses you.
Press: ? - help, v - describe, . - travel
Here: a cane toad (heavily wounded)
The floor, spattered with blood.
Press: ? - help, v - describe, . - travel
Here: a cane toad (heavily wounded)
The floor, spattered with blood.
Okay, then.
Okay, then.
You feel better. The cane toad stings you.
* * * LOW HITPOINT WARNING * * *
The cane toad stings you.
* * * LOW HITPOINT WARNING * * *
You feel better. The cane toad stings you.
* * * LOW HITPOINT WARNING * * *
The cane toad stings you but does no damage.
You don't know any spells.
Okay, then.
Space bends around you!
You blink.
A water moccasin comes into view.
The water moccasin hisses angrily.
The cane toad stings you!!
You die...

## #.. #...#
##..######
#.#.##.#.####
##...........#
#.....@F.....##
####......F.ยง....#
#............##...#
#.....<......# #..
#............#
##..S##........#
#...# #.....##.#
#.... #....## .#
#... #.#..S. #..
#.#....# #..
.......#


You could see 2 cane toads and a water moccasin.

Vanquished Creatures
  A two-headed ogre (D:8)
  A centaur warrior (D:8)
  Pikel (D:7)
  A cyclops (D:8)
  An ugly thing (D:8)
  Joseph (D:8)
  A kobold demonologist (D:9)
  A tengu conjurer (D:8)
  2 trolls (D:8)
  2 wyverns (D:9)
  5 yaks (D:9)
  Eustachio (D:4)
  A steam dragon (D:8)
  Duvessa (D:7)
  An ice beast (D:7)
  4 orc warriors
  Purgy (D:4)
  2 hornet zombies (Ossuary)
  2 necrophages
  3 ogres
  A phantom (D:5)
  6 centaurs
  2 kobold brigands
  5 bullfrogs
  2 wyvern zombies (Ossuary)
  A wyvern skeleton (D:7)
  Dowan (D:7)
  3 water moccasin zombies (Ossuary)
  4 killer bees
  7 wights (D:8)
  2 lava snakes (D:7)
  3 centaur zombies
  6 bullfrog zombies (Ossuary)
  2 orc priests
  A jelly (D:8)
  3 iguanas
  A scorpion zombie (D:5)
  6 orc wizards
  3 killer bee zombies (Ossuary)
  12 mummies
  A howler monkey zombie (Ossuary)
  3 adders
  A white imp (D:6)
  An adder zombie (D:5)
  A worm (D:2)
  6 dart slugs
  28 orcs
  10 endoplasms
  A giant cockroach (D:2)
  8 goblins
  3 hobgoblins
  9 jackals
  22 kobolds
  4 quokkas
  8 ball pythons
  2 bats (D:1)
  4 frilled lizards
  A hobgoblin zombie (D:6)
  A kobold zombie (D:6)
  5 rats
223 creatures vanquished.

Vanquished Creatures (others)
  7 plants (D:8)
  5 withered plants (Ossuary)
12 creatures vanquished.

Grand Total: 235 creatures vanquished

Notes
Turn   | Place    | Note
-------+----------+-------------------------------------------
     0 | Abyss:1  | grimtooth the Palentonga Abyssal Knight began the quest for
                  | the Orb.
     0 | Abyss:1  | Reached XP level 1. HP: 19/19 MP: 2/2
    58 | Abyss:1  | Noticed a sun demon
    68 | D:1      | Escaped the Abyss
   248 | D:1      | Found a faded altar of an unknown god.
   259 | D:1      | Reached XP level 2. HP: 20/25 MP: 3/3
   417 | D:1      | Reached skill level 3 in Axes
   812 | D:1      | Reached XP level 3. HP: 26/31 MP: 4/4
  1395 | D:2      | Reached ** piety under Lugonu
  1590 | D:2      | Reached skill level 4 in Axes
  2104 | D:2      | Reached XP level 4. HP: 35/37 MP: 5/5
  2862 | D:3      | Noticed a necrophage
  2869 | D:3      | Killed a necrophage
  2870 | D:3      | Reached skill level 5 in Axes
  2870 | D:3      | Reached XP level 5. HP: 40/43 MP: 6/6
  3104 | D:3      | Reached *** piety under Lugonu
  3371 | D:3      | Found a sparkling altar of Nemelex Xobeh.
  3373 | D:3      | Reached skill level 6 in Axes
  3673 | D:4      | Noticed Purgy
  3728 | D:4      | Killed Purgy
  3729 | D:4      | Reached XP level 6. HP: 50/50 MP: 5/7
  3823 | D:4      | Noticed Eustachio
  4137 | D:4      | Killed Eustachio
  4138 | D:4      | Reached skill level 7 in Axes
  4463 | D:5      | Entered Level 5 of the Dungeon
  4550 | D:5      | Identified the +3 pearl dragon scales "Rytaypar" {rC+ rN+}
  4668 | D:5      | Gained mutation: You curl defensively after being hit.
                  | [Palentonga growth]
  4668 | D:5      | Reached XP level 7. HP: 57/57 MP: 8/8
  5295 | D:6      | Found a staircase to the Ecumenical Temple.
  5306 | D:6      | Reached skill level 8 in Axes
  5414 | D:6      | Reached skill level 5 in Fighting
  5429 | D:6      | Found a sand-covered staircase.
  5434 | D:6      | Reached XP level 8. HP: 66/66 MP: 9/9
  5437 | Ossuary  | Entered an ossuary
  5506 | Ossuary  | Reached **** piety under Lugonu
  5509 | Ossuary  | Reached skill level 9 in Axes
  5556 | Ossuary  | Reached skill level 1 in Maces & Flails
  5772 | Ossuary  | Reached skill level 5 in Invocations
  5811 | Ossuary  | Reached XP level 9. HP: 71/73 MP: 12/12
  6197 | D:7      | Noticed Duvessa
  6211 | D:7      | Noticed Dowan
  6217 | D:7      | Killed Duvessa
  6225 | D:7      | Killed Dowan
  6440 | D:7      | Found Cewuafutt's General Store.
  6763 | D:7      | Reached ***** piety under Lugonu
  6802 | D:7      | Found Goamnyg's Magic Scroll Emporium.
  6824 | D:7      | Bought a scroll of identify for 30 gold pieces
  6828 | D:7      | Bought 3 scrolls of identify for 90 gold pieces
  7305 | D:7      | Noticed Pikel
  7341 | D:7      | Killed Pikel
  7695 | D:8      | Noticed a two-headed ogre
  7725 | D:8      | Killed a two-headed ogre
  7726 | D:8      | Reached XP level 10. HP: 52/85 MP: 13/16
  7885 | D:8      | Noticed Joseph
  7886 | D:8      | Noticed a deep elf pyromancer
  7910 | D:8      | Found a staircase to the Lair.
  8296 | D:8      | Identified the +3 battleaxe of the Lesser Evil {vorpal,
                  | Int+3}
  8297 | D:8      | Noticed a centaur warrior
  8299 | D:8      | Noticed a red ugly thing
  8494 | D:8      | Noticed an ice dragon
  8496 | D:8      | - this is just a huge pile of ood
  8522 | D:8      | Banished an ice dragon
  8523 | D:8      | Reached skill level 5 in Armour
  8531 | D:8      | Banished a centaur warrior
  8716 | D:9      | Found Rillix's Armour Boutique.
  8854 | D:9      | Found a staircase to the Orcish Mines.
  9113 | D:9      | Reached XP level 11. HP: 42/95 MP: 17/17
  9868 | D:8      | Killed a red ugly thing
 10079 | D:8      | Noticed a centaur warrior
 10086 | D:8      | Killed a centaur warrior
 10087 | D:8      | Reached skill level 10 in Axes
 10344 | D:9      | Noticed a soul eater
 10353 | D:9      | Noticed a soul eater
 10354 | D:9      | Reached skill level 5 in Maces & Flails
 10553 | D:8      | Killed Joseph
 10736 | Lair:1   | Entered Level 1 of the Lair of Beasts
 10747 | Lair:1   | HP: 1/95 [cane toad (18)]
 10750 | Lair:1   | Mangled by a cane toad

Illustrated notes

########## ......(.@#
..(......# ......(..#
.........# ....(....#
.........# ...(.....#
.........# ......D..#
##########
.........#####........#
####.##................#


Turn 8496 on D:8: - this is just a huge pile of ood

Levels and vault maps discovered:
D:1:      scummos_arrival_simple_crosswalls, layout_loops_ring,
          chequers_ecumenical_altar_simple_redux, minivault_27,
          solitary_fountain, grunt_decor_fettered, palyth_stone_intersect,
          columned_hall_lemuel, wander_ebering_terrifying_dragon_lair
D:2:      layout_basic, st_stairs_12, minmay_fractal_squares_gapless_5
D:3:      layout_basic, nemelex_dance_club_becter
D:4:      layout_loops_ring, uniq_purgy, uniq_eustachio
D:5:      layout_loops_ring
D:6:      layout_rooms, minmay_temple_entry_sparse_star,
          nicolae_ossuary_entry_giza
D:7:      layout_basic, serial_shops, shop_scrolls, nicolae_inconvenience_store,
          uniq_pikel, uniq_duvessa
D:8:      layout_rooms, david_lair_shrubbed, minmay_the_grid_2x2
          [minmay_the_grid_large_cup, minmay_the_grid_paths,
          minmay_the_grid_broken_lines, minmay_the_grid_prize_big_room],
          uniq_joseph
D:9:      layout_cave_pods, orc_0_dummy, serial_shops, nicolae_diamond_shop
Lair:1:   layout_misc_corridors, grunt_megastairs_1

Skill      XL: |  1  2  3  4  5  6  7  8  9 10 11 |
---------------+----------------------------------+-----
Axes           | 3 4 5 6 7 8 9 10 | 10.6
Fighting       | 4 5 6 8 9 |  9.0
Maces & Flails | 2 4 5 |  5.1
Armour         | 3 4 6 |  6.7
Invocations    | 5 8 9 |  9.0
Dodging        | |  0.7

Action                   |  1- 3 |  4- 6 |  7- 9 | 10-12 || total
-------------------------+-------+-------+-------+-------++-------
Melee: Hand axe          |   135 |   105 |   353 |   276 ||   869
       Tailslap          |     8 |     6 |    55 |    38 ||   107
Throw: Stone             |    18 |    28 |    17 |     3 ||    66
       Dart              |       |       |     3 |    14 ||    17
Invok: Bend Space        |       |     3 |    10 |     6 ||    19
       Banish            |       |       |       |     6 ||     6
 Abil: Rolling Charge    |    32 |    28 |    38 |    38 ||   136
Evoke: Wand              |       |     2 |     7 |     4 ||    13
  Use: Potion            |       |     1 |     2 |     6 ||     9
       Scroll            |       |       |     7 |     7 ||    14
Armor: Leather armour    |    46 |    12 |       |       ||    58
       Troll leather arm |       |    20 |    78 |    68 ||   166
Dodge: Dodged            |    68 |    36 |   111 |   109 ||   324
